 Dungeon Crawl Stone Soup version 0.28-a0-983-g1de4e0787c (webtiles) character file.

Game seed: 1088184639614358058

68 Blackjack the Magician (level 4, -3/31 HPs)
             Began as a Demonspawn Hedge Wizard on Nov 30, 2021.
             Slain by Sigmund (9 damage)
             ... on level 3 of the Dungeon on Dec 2, 2021.
             The game lasted 00:36:24 (3398 turns).

Blackjack the Magician (Demonspawn Hedge Wizard)    Turns: 3398, Time: 00:36:24

Health: -3/31      AC:  6    Str: 10    XL:     4   Next: 1%
Magic:  4/9        EV: 11    Int: 18    God:
Gold:   88         SH:  0    Dex: 12    Spells: 6/9 levels left

rFire   . . .      SeeInvis .   i - +0 dagger (elec)
rCold   . . .      Faith    .   (no shield)
rNeg    . . .      Spirit   .   r - +0 leather armour
rPois   .          Reflect  .   c - +0 hat
rElec   .          Harm     .   (no cloak)
rCorr   .          Rampage  .   q - +0 pair of gloves
Will    .....                   (no boots)
Stlth   ++........              s - amulet of the acrobat
HPRegen 0.10/turn               (no ring)
MPRegen 0.11/turn               (no ring)

@: no status effects
A: claws 1, yellow scales 1
a: no special abilities


You were on level 3 of the Dungeon.
You visited 1 branch of the dungeon, and saw 3 of its levels.

You collected 88 gold pieces.

Inventory:

Hand Weapons
 d - a +0 dagger of venom
 i - a +0 dagger of electrocution (weapon)
Missiles
 h - 2 boomerangs
Armour
 b - a +0 robe
 c - a +0 hat (worn)
 q - a +0 pair of gloves (worn)
 r - a +0 leather armour (worn)
Jewellery
 s - an amulet of the acrobat (around neck)
Scrolls
 e - a scroll of vulnerability {unknown}
 f - a scroll of fear {unknown}
 j - a scroll of acquirement {unknown}
 n - a scroll of teleportation {unknown}
 o - a scroll of identify {unknown}
Potions
 a - 2 potions of curing {unknown}
 g - a potion of cancellation {unknown}
 k - a potion of heal wounds {unknown}
 l - a potion of invisibility {unknown}
 m - a potion of degeneration {unknown}
 p - a potion of attraction {unknown}
 t - a potion of berserk rage {unknown}


   Skills:
 + Level 0.8 Fighting
 + Level 0.1 Armour
 + Level 2.2 Dodging
 - Level 1.7 Stealth
 * Level 3.4 Spellcasting
 * Level 1.7 Conjurations
 - Level 2.0 Summonings
 + Level 1.3 Translocations


You had 6 spell levels left.
You knew the following spells:

 Your Spells              Type           Power      Damage    Failure   Level
a - Magic Dart            Conj           36%        1d4       11%         1
b - Call Imp              Summ           10%        N/A       14%         2

Your spell library contained the following spells:

 Spells                   Type           Power      Damage    Failure   Level
 Blink                    Tloc           14%        N/A       19%         2
 Slow                     Hex            12%        N/A       22%         1
 Conjure Flame            Conj/Fire      6%         6-21      41%         3
 Stone Arrow              Conj/Erth      12%        3d7       41%         3
 Mephitic Cloud           Conj/Pois/Air  5%         N/A       45%         3
 Animate Armour           Summ/Erth      12%        N/A       80%         4
 Lehudib's Crystal Spear  Conj/Erth      3%         10d2      100%        8


Dungeon Overview and Level Annotations

Branches:
Dungeon (3/15)

Altars:

Shops:
D:2 :((:

Annotations:
D:3 Sigmund


Innate Abilities, Weirdness & Mutations

You have sharp fingernails.
You are partially covered in yellow scales. (AC +2)


Message History

You barely miss something. Something hits you!
You miss something.
Casting: Call Imp (safe; 14% risk of failure)
Confirm with . or Enter, or press ? or * to list all spells.
Okay, then.
Casting: Call Imp (safe; 14% risk of failure)
Confirm with . or Enter, or press ? or * to list all spells.
You can't see any susceptible monsters within range! (Use Z to cast anyway.)
You closely miss something.
You hear some strange, mumbled words.
You are confused.
Are you sure you want to stumble around while confused and next to your white imp? [Y]es or [N]o only, please.
Are you sure you want to stumble around while confused and next to your white imp? [Y]es or [N]o only, please.
Are you sure you want to stumble around while confused and next to your white imp? [Y]es or [N]o only, please.
Are you sure you want to stumble around while confused and next to your white imp?
Okay, then.
Something misses you. Something closely misses you. Something misses you.
You feel less confused. Something closely misses you.
You closely miss something. You hit something but do no damage.
Something hits you but does no damage.
You hit something but do no damage. Something hits you but does no damage.
You hit something. You barely miss something. Something hits you.
You barely miss something. Something barely misses you.
You miss something. You barely miss something. Something completely misses you.
You miss something. Something hits you!
* * * LOW HITPOINT WARNING * * *
You swap places.
Your white imp disappears in a puff of smoke!
Something closely misses you.
There is a stone staircase leading up here.
Something hits you!
You die...

#### ###########.##
#..........#..
#.........###.
###.######.## ##
#.....# ##.###.
#.#####{....### #.#.#
#....@....†....####..#
#######.....##.##....#
#.....##.##.##.#
##...###.......#
..#...S....#...
..#...###..#..#
####........@#
...###..##.# #..###.


There were no monsters in sight!

Vanquished Creatures
  2 adders
  A worm (D:2)
  3 dart slugs
  2 bats (D:1)
  4 endoplasms
  A giant cockroach (D:3)
  3 goblins
  4 hobgoblins
  3 jackals (D:1)
  2 quokkas
  3 ball pythons
  3 frilled lizards
  2 kobolds (D:1)
  6 rats
39 creatures vanquished.

Notes
Turn   | Place    | Note
-------+----------+-------------------------------------------
     0 | D:1      | Blackjack the Demonspawn Hedge Wizard began the quest for
                  | the Orb.
     0 | D:1      | Reached XP level 1. HP: 13/13 MP: 4/4
   539 | D:1      | Reached skill level 1 in Translocations
   539 | D:1      | Gained mutation: You have sharp fingernails. [demonic
                  | ancestry]
   539 | D:1      | Reached XP level 2. HP: 19/19 MP: 0/6
  1023 | D:1      | Upgraded the game from 0.28-a0-957-g42eb19b844 to
                  | 0.28-a0-983-g1de4e0787c
  1996 | D:2      | Gained mutation: You are partially covered in yellow
                  | scales. (AC +2) [demonic ancestry]
  1996 | D:2      | Reached XP level 3. HP: 5/25 MP: 0/7
  2003 | D:2      | Learned a level 2 spell: Call Imp
  2252 | D:2      | Found Dygisuj's Book Boutique.
  2384 | D:2      | Found Fuuts's Weapon Emporium.
  2534 | D:2      | Found Teym's Weapon Boutique.
  2787 | D:2      | Found Sastyuv's Book Boutique.
  3292 | D:3      | Noticed Sigmund
  3364 | D:3      | Reached XP level 4. HP: 28/31 MP: 6/9
  3398 | D:3      | Slain by Sigmund

Illustrated notes

Levels and vault maps discovered:
D:1:      psy_arrival_whirlpool, layout_basic
D:2:      layout_basic, serial_shops, nicolae_shop_behind_doors, shop,
          nicolae_shop_bloodbath_and_beyond, nicolae_shop_waterfront
D:3:      layout_loops_ring, ebering_ecumenical_altar_ruins, uniq_sigmund

Skill      XL: |  1  2  3 |
---------------+----------+-----
Translocations | 1 |  1.3
Dodging        | 2 |  2.2
Summonings     | 2 |  2.0
Fighting       | |  0.8
Armour         | |  0.1
Stealth        | |  1.7
Spellcasting   | |  3.4
Conjurations   | |  1.7

Action                   |  1- 3 |  4- 6 || total
-------------------------+-------+-------++-------
Melee: Dagger            |    22 |    13 ||    35
 Cast: Magic Dart        |   112 |       ||   112
       Call Imp          |       |     2 ||     2
Armor: Robe              |     8 |       ||     8
       Leather armour    |     4 |     2 ||     6
Dodge: Dodged            |    24 |    10 ||    34

Table legend: (Time is in decaauts)
 A = Elapsed time spent in this place.
 B = Non-inter-level travel time spent in this place.
 C = Inter-level travel time spent in this place.
 D = Time resting spent in this place.
 E = Time spent auto-exploring this place.
 F = Levels seen in this place.
 G = Mean time per level.
                   A        B        C        D        E       F      G
               +--------+--------+--------+--------+--------+-----+--------+
         Total |   3396 |   3361 |     35 |    470 |   2280 |   3 | 1132.0 |
       Dungeon |   3396 |   3361 |     35 |    470 |   2280 |   3 | 1132.0 |
               +--------+--------+--------+--------+--------+-----+--------+

Top non-repeatable levels by time:
     D:1: 1982 daAuts
     D:2: 872 daAuts
     D:3: 541 daAuts
